 Dungeon Crawl Stone Soup version 0.27-a0-406-g23f261fbd2 (webtiles) character file.

Game seed: 13684059887734075037

87 dickylongcocking the Sneak (level 4, -3/31 HPs)
             Began as an Octopode Monk on Feb 22, 2021.
             Was a Priest of Sif Muna.
             Slain by Sigmund
             ... wielding a +0 scythe of venom
              (8 damage)
             ... on level 2 of the Dungeon.
             The game lasted 00:02:32 (2235 turns).

dickylongcocking the Sneak (Octopode Monk)          Turns: 2235, Time: 00:02:33

Health: -3/31      AC:  3    Str: 10    XL:     4   Next: 51%
Magic:  4/4        EV: 14    Int: 13    God:    Sif Muna [***...]
Gold:   78         SH:  0    Dex: 14    Spells: 3/3 levels left

rFire    . . .     SeeInvis .     - Unarmed
rCold    . . .     Faith    .   (no shield)
rNeg     . . .     Spirit   .   (helmet restricted)
rPois    +         Reflect  .   (no amulet)
rElec    .         Harm     .   (no ring)
rCorr    .         Rampage  .   (no ring)
Will     .....                  (no ring)
Stlth    ++........             (no ring)
HPRegen  0.10/turn              (no ring)
MPRegen  0.09/turn              (no ring)
                                (no ring)
                                (no ring)

@: confused
A: almost no armour, stealthy swim, amphibious, 8 rings, constrict 8, tentacle
spike 1, thin metallic scales 1, camouflage 1, poison resistance, gelatinous
body 1
a: Renounce Religion, Channel Magic, Forget Spell


You were on level 2 of the Dungeon.
You worshipped Sif Muna.
Sif Muna was most pleased with you.
You visited 1 branch of the dungeon, and saw 2 of its levels.

You collected 78 gold pieces.

Inventory:

Jewellery
 g - a ring of see invisible {unknown}
Scrolls
 a - 3 scrolls of identify {unknown}
 b - a scroll of noise {unknown}
 c - 2 scrolls of teleportation {unknown}
 d - a scroll of random uselessness {unknown}
 e - a scroll of amnesia {unknown}
 i - a scroll of fear {unknown}


   Skills:
 - Level 3.0 Fighting
 - Level 3.0 Dodging
 * Level 5.0 Stealth
 * Level 4.2 Unarmed Combat


You had 3 spell levels left.
You didn't know any spells.
Your spell library was empty.

Dungeon Overview and Level Annotations

Branches:
Dungeon (2/15)

Altars:
Fedhas
Sif Muna

Annotations:
D:2 Sigmund


Innate Abilities, Weirdness & Mutations

You cannot wear most types of armour.
You are very stealthy in the water. (Stealth+)
You are amphibious.
You can wear up to eight rings at the same time.
You can use your tentacles to constrict eight enemies at once.
Your skin changes colour to match your surroundings (Stealth+).
Your rubbery body absorbs attacks. (AC +1, EV +1)
One of your tentacles bears a spike.
You are partially covered in thin metallic scales. (AC +2)
Your system is resistant to poisons. (rPois)


Message History

Sigmund casts a spell at you. The puff of flame hits you!
It was a potion of curing.
You feel better.
You constrict Sigmund. Sigmund gestures at you while chanting.
You are confused.
It was a potion of mutation.
You feel extremely strange.
Thin metallic scales grow over part of your body.
You feel resistant to poisons.
One of your lower tentacles grows a sharp spike.
You constrict Sigmund.
Sigmund hits you with a +0 scythe of venom!
You release your grip on Sigmund.
Sigmund hits you from afar with a +0 scythe of venom!
* * * LOW HITPOINT WARNING * * *
Unknown command.
Unknown command.
You bump into the rock wall.
Sigmund gestures at you while chanting. The magic dart hits you.
* * * LOW HITPOINT WARNING * * *
You feel less confused. Sigmund casts a spell at you.
You are confused.
Unknown command.
You aren't carrying any potions.
Unknown command.
You are too confused!
Unknown command.
You're too confused to move!
Sigmund barely misses you.
You feel less confused. Sigmund gestures at you while chanting.
You are confused.
Unknown command.
Sigmund closely misses you.
You barely miss Sigmund.
Your tentacle spike misses Sigmund.
Sigmund is moderately wounded.
You tentacle-slap Sigmund but do no damage.
Sigmund is moderately wounded.
Sigmund hits you with a +0 scythe of venom!
You die...

...........# #.#### #.#
...........# ### ###
...........#
...........#
...........#
...........#####
...............##
................####
########........@..##+#
#......'.........@.+..#
#.######...........#..#
..##...[.............#
####.#################
####.# ############
...#.# #..........#
##.#†# #.#.#.####.#
#.#(# #..........#


You could see Sigmund.

Vanquished Creatures
  Natasha (D:2)
  Robin (D:2)
  2 adders (D:2)
  A dart slug (D:2)
  A bat (D:1)
  A giant cockroach (D:2)
  11 goblins
  6 hobgoblins
  2 ball pythons (D:2)
  A frilled lizard (D:2)
  3 kobolds
  A rat (D:1)
31 creatures vanquished.

Vanquished Creatures (others)
  5 plants (D:2)
5 creatures vanquished.

Grand Total: 36 creatures vanquished

Notes
Turn   | Place    | Note
-------+----------+-------------------------------------------
     0 | D:1      | dickylongcocking the Octopode Monk began the quest for the
                  | Orb.
     0 | D:1      | Reached XP level 1. HP: 16/16 MP: 1/1
   146 | D:2      | Found a faded altar of an unknown god.
   168 | D:2      | Became a worshipper of Sif Muna the Loreminder
   168 | D:2      | Reached * piety under Sif Muna
   168 | D:2      | Reached ** piety under Sif Muna
   226 | D:1      | Reached skill level 3 in Stealth
   555 | D:1      | Reached XP level 2. HP: 21/21 MP: 2/2
  1252 | D:2      | Noticed Robin
  1256 | D:2      | Reached XP level 3. HP: 21/26 MP: 3/3
  1259 | D:2      | Reached *** piety under Sif Muna
  1260 | D:2      | Reached skill level 4 in Stealth
  1264 | D:2      | Killed Robin
  1471 | D:2      | Found a blossoming altar of Fedhas.
  1664 | D:2      | Reached XP level 4. HP: 24/31 MP: 4/4
  1888 | D:2      | Noticed Natasha
  1895 | D:2      | Killed Natasha
  1896 | D:2      | Reached skill level 5 in Stealth
  2215 | D:2      | Noticed Sigmund
  2223 | D:2      | Gained mutation: You are partially covered in thin metallic
                  | scales. (AC +2) [potion of mutation]
  2223 | D:2      | Gained mutation: Your system is resistant to poisons.
                  | (rPois) [potion of mutation]
  2223 | D:2      | Gained mutation: One of your tentacles bears a spike.
                  | [potion of mutation]
  2235 | D:2      | Slain by Sigmund

Illustrated notes

Levels and vault maps discovered:
D:1:      amcnicky_arrival_single_pillar, layout_loops_cross, minivault_27
D:2:      cheibrodos_old_hovel, layout_basic,
          chequers_temple_overflow_minitemple, fedhas_altar_4,
          chequers_ecumenical_altar_simple, chequers_jeans, uniq_sigmund,
          uniq_robin, uniq_natasha

Skill      XL: |  1  2  3  4 |
---------------+-------------+-----
Stealth        | 3 4 5 |  5.0
Unarmed Combat | 4 |  4.2
Fighting       | |  3.0
Dodging        | |  3.0

Action                   |  1- 3 |  4- 6 || total
-------------------------+-------+-------++-------
Melee: Unarmed           |    51 |    17 ||    68
       Tentacles         |    13 |     4 ||    17
       Constrict         |    17 |     3 ||    20
       Punch             |     1 |     1 ||     2
  Use: Potion            |       |     2 ||     2
 Stab: Sleeping          |     5 |     2 ||     7
Armor: Skin              |     2 |     1 ||     3
Dodge: Dodged            |    26 |     7 ||    33

Table legend: (Time is in decaauts)
 A = Elapsed time spent in this place.
 B = Non-inter-level travel time spent in this place.
 C = Inter-level travel time spent in this place.
 D = Time resting spent in this place.
 E = Time spent auto-exploring this place.
 F = Levels seen in this place.
 G = Mean time per level.
                   A        B        C        D        E       F      G
               +--------+--------+--------+--------+--------+-----+--------+
         Total |   2231 |   2179 |     52 |      0 |   1960 |   2 | 1115.5 |
       Dungeon |   2231 |   2179 |     52 |      0 |   1960 |   2 | 1115.5 |
               +--------+--------+--------+--------+--------+-----+--------+

Top non-repeatable levels by time:
     D:2: 1376 daAuts
     D:1: 854 daAuts
